Map: Nightshade LE

Players

IIIIIIIIIIII

  • Race: Zerg Zerg
  • League: Master
  • Spawn Location: 11:00

zuka - Winner!

  • Race: Protoss Protoss
  • League: Master
  • Spawn Location: 5:00

VOD

Have the link to the VOD?

Description

Time

  • Played on: Dec. 18, 2019, 3:01 p.m.
  • Length: 3:15
Show
View Real Time Build Order
Export as new Build Order

IIIIIIIIIIII Zerg 

Build Orders: Hatch First 

Get SALT Encoding   

  12  0:00  Drone  
  13  0:08  Drone  
  14  0:20  Extractor  
  13  0:21  Extractor  
  13  0:22  Drone x2  
  16  0:45  Hatchery  
  15  1:03  Spawning Pool  
  14  1:12  Overlord  
  14  1:17  Extractor  
  13  1:22  Drone  
  15  1:50  Zergling x6  
  18  1:57  Zergling x2  
  18  1:58  Queen  
  21  2:02  Spine Crawler  
  21  2:07  Spine Crawler  
  19  2:10  Zergling x2  
  19  2:13  Spine Crawler  
  20  2:20  Zergling x2  
  20  2:21  Spine Crawler  
  20  2:26  Zergling x6  
  23  2:32  Spine Crawler  
  22  2:42  Zergling x4, Spine Crawler  
  22  2:49  Zergling x4  
  20  2:54  Zergling x2  
Show
View Real Time Build Order
Export as new Build Order

zuka Protoss - Winner!

Build Orders:  

Get SALT Encoding   

  12  0:01  Probe  
  13  0:13  Probe  
  14  0:19  Pylon  
  14  0:25  Probe (Chrono Boost)  
  15  0:37  Probe (Chrono Boost)  
  15  0:40  Gateway  
  16  0:45  Probe  
  16  0:47  Assimilator  
  17  0:58  Probe  
  17  1:04  Gateway  
  17  1:10  Probe  
  18  1:22  Probe  
  18  1:25  Zealot (Chrono Boost)  
  19  1:29  Cybernetics Core  
  21  1:37  Pylon  
  21  1:44  Zealot  
  23  1:55  Zealot  
  25  2:08  Shield Battery  
  25  2:11  Zealot (Chrono Boost)  
  29  2:29  Stalker (Chrono Boost)  
  29  2:40  Stalker (Chrono Boost)  
  29  2:57  Shield Battery  
Tags
 
Add a new tag
Caveats
  • Supply blocks, unpowered buildings, or Contaminate may cause inaccurate times.
  • Supply counts are checked every 10 seconds.